 Dungeon Crawl Stone Soup version 0.27.1-16-g815e20cd7a (webtiles) character file.

Game seed: 10782988985017530670

1 Descartes the Magician (level 1, -2/9 HPs)
             Began as a Felid Wanderer on Nov 22, 2021.
             Slain by a goblin (4 damage)
             ... on level 1 of the Dungeon.
             The game lasted 00:00:31 (44 turns).

Descartes the Magician (Felid Wanderer)               Turns: 44, Time: 00:00:31

Health: -2/9       AC:  1    Str:  7    XL:     1   Next: 16%
Magic:  5/5        EV: 16    Int: 13    God:
Gold:   12         SH:  0    Dex: 16    Spells: 6/6 levels left
                                        Lives:  0   Deaths: 0

rFire    . . .     SeeInvis +   (weapon unavailable)
rCold    . . .     Faith    .   (shield unavailable)
rNeg     . . .     Spirit   .   (armour unavailable)
rPois    .         Reflect  .   (helmet unavailable)
rElec    .         Harm     .   (cloak unavailable)
rCorr    .         Rampage  .   (gloves unavailable)
Will     .....                  (boots unavailable)
Stlth    ++........             (no amulet)
HPRegen  0.03/turn              (no ring)
MPRegen  0.09/turn              (no ring)

@: quick
A: very small, claws 1, fangs 3, see invisible, speed 1, shaggy fur 1, stealthy
paws, no weapons or thrown items, no armour, multi-lived
a: no special abilities


You were on level 1 of the Dungeon.
You visited 1 branch of the dungeon, and saw 1 of its levels.

You collected 12 gold pieces.

Inventory:

Scrolls
 a - a scroll of fear


   Skills:
 - Level 1.0 Fighting
 + Level 1.5 Dodging
 - Level 2.6 Stealth
 + Level 0.2 Unarmed Combat
 - Level 3.0 Spellcasting
 - Level 1.1 Transmutations
 - Level 1.0 Fire Magic
 - Level 1.1 Evocations


You had 6 spell levels left.
You didn't know any spells.
Your spell library contained the following spells:

 Spells                   Type           Power      Damage    Failure   Level
 Freeze                   Ice            4%         1d3       22%         1
 Summon Small Mammal      Summ           4%         N/A       22%         1
 Call Canine Familiar     Summ           1%         N/A       56%         3
 Ozocubu's Armour         Ice            1%         N/A       56%         3


Dungeon Overview and Level Annotations

Branches:
Dungeon (1/15)

Altars:


Innate Abilities, Weirdness & Mutations

You have sharp claws.
You have razor-sharp teeth.
You have supernaturally acute eyesight. (SInv)
You cover ground quickly. (Speed+)
You are covered in fur. (AC +1)
Your paws help you pounce on unaware monsters.
You are incapable of wielding weapons or throwing items.
You cannot wear armour.
You gain extra lives every three experience levels.


Message History

You open the door.
Found a scroll labelled FEUPHU JAAKO.
There is an open door here.
A hobgoblin comes into view.
Found a whip and a dagger.
The hobgoblin shouts!
You hear a shout!
A goblin comes into view. It is wielding a +0 dagger.
A goblin and a dart slug come into view.
Found 9 gold pieces.
The goblin shouts!
The goblin shouts!
You scratch the hobgoblin but do no damage.
You hear a shout!
A goblin comes into view. It is wielding a +0 club.
The hobgoblin hits you.
You hear an angry hiss.
You barely miss the hobgoblin. The hobgoblin hits you.
You are too injured to fight recklessly!
You are too injured to fight recklessly!
There is an open door here.
A hobgoblin is nearby!
You barely miss the hobgoblin. The hobgoblin closely misses you.
You scratch the hobgoblin.
The hobgoblin is almost dead.
The hobgoblin hits you.
* * * LOW HITPOINT WARNING * * *
You scratch the hobgoblin.
You kill the hobgoblin!
You scratch the goblin but do no damage.
The goblin closely misses you.
You scratch the goblin. Your bite misses the goblin.
The goblin is heavily wounded.
The goblin barely misses you.
You barely miss the goblin.
The goblin is heavily wounded.
The goblin completely misses you.
You closely miss the goblin. You bite the goblin.
The goblin is severely wounded.
The goblin hits you with a +0 club.
You die...

##.......
$...g.w..
#.?g.....
#........
#####........
#.......)....
#...####.....
######+#.#
####
#...@ggw.#
#.####'###
#.#..#.#
#.'.<+.#
#.#..#.#
#.####.#
#......#
########


You could see a dart slug and 2 goblins.

Vanquished Creatures
  A hobgoblin (D:1)
1 creature vanquished.

Notes
Turn   | Place    | Note
-------+----------+-------------------------------------------
     0 | D:1      | Descartes the Felid Wanderer began the quest for the Orb.
     0 | D:1      | Descartes set off with the following items: a scroll of
                  | fear; and the following spells available to memorise:
                  | Freeze, Summon Small Mammal, Call Canine Familiar,
                  | Ozocubu's Armour
     0 | D:1      | Reached XP level 1. HP: 9/9 MP: 5/5
    44 | D:1      | Slain by a goblin

Illustrated notes

Levels and vault maps discovered:
D:1:      ncdulo_smallfort, layout_rooms

Action                   || total
-------------------------++-------
Melee: Unarmed           ||     9
       Bite              ||     1
Dodge: Dodged            ||     4
